AoeStats
← Bananaman651

Nomad

510210652Analyzed
4v4 RM · 3d ago on Sep 30, 2026· 35m 4s· 8 players
Game mode
Random Map
Map size
231×231
Population
200
Speed
Normal
Resources
Standard
Victory
Conquest
Starting age
Dark Age
Ending age
Imperial Age
RankedLock teamsTeams togetherTeam positionsShared explorationLock speedFull tech treeHidden civsTurbo modeCheats
Victory
Defeat
🇵🇪 Mapuche · Peru
1708
+8
🇩🇴 Dravidians · Dominican Republic
1593
+12
🇺🇸 Vikings · United States
1513
+15
🇦🇷 Persians · Argentina
1476
+18
🇦🇷 Italians · Argentina
1615
-17
🇲🇽 Khmer · Mexico
1523
-14
🇨🇿 Koreans · Czechia
1449
-11
🇬🇧 Dravidians · United Kingdom
1442
-11
thefacelessz12
12:30 Feudal Age
13:03 Loom
16:08 Castle Age
14:13 Fishing Lines
15:00 Stone Mining
25:08 Double-Bit Axe
26:34 Horse Collar
29:29 Heavy Plow
35:04 Imperial Age
32:32 Pikeman
33:54 Forging
33:47 Scale Mail Armor
35:00 Wheelbarrow
34:11 Town Watch
Bananaman651
4:19 Loom
14:43 Feudal Age
16:37 Fletching
18:49 Castle Age
19:36 Bodkin Arrow
19:34 Double-Bit Axe
20:13 Medium Warships
20:34 Town Watch
21:03 Bow Saw
20:46 Fishing Lines
29:07 Wheelbarrow
31:44 Squires
milopokerboy
7:09 Loom
13:27 Feudal Age
14:31 Town Watch
19:58 Fletching
24:59 Castle Age
27:36 Double-Bit Axe
32:37 Pikeman
33:17 Squires
35:00 Squires
35:01 Scale Mail Armor
35:11 Forging
Tonguera
8:51 Loom
13:04 Feudal Age
13:40 Double-Bit Axe
21:27 Castle Age
20:22 Forging
22:22 Medium Warships
22:42 Bow Saw
22:57 Fishing Lines
26:10 Town Watch
27:49 Gillnets
29:01 Fletching
31:11 Bodkin Arrow
31:58 Stone Mining
31:58 Gold Mining
31:53 Horse Collar
32:42 Heavy Plow
34:21 Wheelbarrow
37:05 Imperial Age
35:07 Padded Archer Armor
Ux'Panda_Drama
5:09 Loom
14:18 Feudal Age
18:34 Castle Age
18:54 Fletching
20:22 Bodkin Arrow
21:05 Fishing Lines
22:49 Double-Bit Axe
26:23 Gold Mining
28:03 Bow Saw
28:39 Padded Archer Armor
31:31 Gold Shaft Mining
30:58 Horse Collar
32:07 Leather Archer Armor
32:27 Scale Mail Armor
36:47 Imperial Age
noru
11:08 Loom
13:50 Feudal Age
14:30 Double-Bit Axe
17:24 Castle Age
18:31 Bow Saw
22:20 Town Watch
23:33 Horse Collar
24:47 Forging
26:55 Wheelbarrow
30:23 Imperial Age
29:08 Gold Mining
29:18 Heavy Plow
29:08 Gold Mining
29:18 Heavy Plow
32:11 Gold Shaft Mining
32:21 Fletching
34:28 Chemistry
34:42 Hand Cart
35:33 Crop Rotation
[MGG] El Petardo
9:03 Loom
11:42 Feudal Age
12:06 Double-Bit Axe
13:40 Gold Mining
17:31 Fletching
24:26 Castle Age
25:12 Scale Barding Armor
25:18 Forging
25:01 Horse Collar
25:58 Wheelbarrow
27:49 Bow Saw
27:41 Heavy Plow
33:58 Imperial Age
31:27 Stone Mining
32:36 Chain Barding Armor
32:44 Bloodlines
33:11 Iron Casting
34:09 Cavalier
RD | Lina
10:27 Loom
14:08 Feudal Age
14:45 Fishing Lines
17:58 Castle Age
18:51 Medium Warships
23:44 Wheelbarrow
22:55 Town Watch
25:33 Double-Bit Axe
29:11 Horse Collar
34:11 Hand Cart
34:45 Fletching
37:31 Imperial Age
35:32 Gold Mining
35:53 Bow Saw
Connection lost

Rejoining the realm…

Still unreachable

The connection could not be restored.

Session expired

The server has moved on; the page needs a fresh start.